 Dungeon Crawl Stone Soup version 0.24-a0-537-g2d01d4ab0a (webtiles) character file.

Game seed: 17974514113031352316

53 Gynju the Sneak (level 3, -15/16 HPs)
             Began as a Spriggan Enchanter on Aug 15, 2019.
             Demolished by an ogre
             ... wielding a +0 giant club
              (31 damage)
             ... on level 2 of the Dungeon.
             The game lasted 00:04:16 (2603 turns).

Gynju the Sneak (Spriggan Enchanter)                Turns: 2603, Time: 00:04:17

Health: -15/16     AC:  4    Str:  4    XL:     3   Next: 64%
Magic:  1/8        EV: 18    Int: 17    God:
Gold:   43         SH:  0    Dex: 16    Spells: 2/8 levels left

rFire    . . .     SeeInvis +   i - +2 short sword (elec)
rCold    . . .     Gourm    .   (shield restricted)
rNeg     . . .     Faith    .   b - +0 robe
rPois    .         Spirit   .   (helmet restricted)
rElec    .         Reflect  .   j - +1 cloak
rCorr    .         Harm     .   (gloves unavailable)
MR       .....                  (boots unavailable)
Stlth    +++.......             (no amulet)
HPRegen  0.05/turn              (no ring)
MPRegen  0.11/turn              (no ring)

@: very quick
A: very small, unfitting armour, see invisible, herbivore, speed 3, slow
metabolism 2
a: no special abilities


You were on level 2 of the Dungeon.
You were very hungry.

You visited 1 branch of the dungeon, and saw 2 of its levels.

You collected 43 gold pieces.

Inventory:

Hand Weapons
 a - a +1 dagger
 i - a +2 short sword of electrocution (weapon)
Missiles
 e - 71 stones (quivered)
Armour
 b - a +0 robe (worn)
 j - a +1 cloak (worn)
Scrolls
 c - 3 scrolls of remove curse {unknown}
 f - a scroll of identify {unknown}
 g - 3 scrolls of amnesia {unknown}
 k - a scroll of random uselessness {unknown}
Potions
 h - a potion of cancellation {unknown}
Comestibles
 d - 3 rations


   Skills:
 * Level 1.2 Short Blades
 - Level 3.0 Dodging
 * Level 5.6 Stealth
 + Level 3.3 Spellcasting
 * Level 4.5 Hexes


You had 2 spell levels left.
You knew the following spells:

 Your Spells              Type           Power        Failure   Level  Hunger
a - Corona                Hex            ###....      2%          1    None
b - Ensorcelled Hibernat  Hex/Ice        ##....       11%         2    ##.....
c - Tukima's Dance        Hex            ###.....     8%          3    ###....

Your spell library contained the following spells:

 Spells                   Type           Power        Failure   Level  Hunger
 Confuse                  Hex            ###.....     8%          3    ###....
 Dazzling Spray           Conj/Hex       ##....       21%         3    ###....


Dungeon Overview and Level Annotations

Branches:
Dungeon (2/15)

Altars:


Innate Abilities, Weirdness & Mutations

You are very small and have problems with some larger weapons.
You are too small for most types of armour.
You have supernaturally acute eyesight. (SInv)
You are a herbivore.
You cover ground extremely quickly.
You need to consume almost no food.


Message History

Confirm with . or Enter, or press ? or * to list all spells.
Okay, then.
Okay, then.
Casting: Ensorcelled Hibernation (safe; 11% risk of failure)
Confirm with . or Enter, or press ? or * to list all spells.
Aiming: Ensorcelled Hibernation (safe; 11% risk of failure)
Press: ? - help, Shift-Dir - straight line, f/p - ogre
Aim: an ogre, wielding a +0 giant club (severely wounded, chance to defeat MR: 41%)
The ogre resists with some effort.
You are feeling very hungry.
Casting: Ensorcelled Hibernation (safe; 11% risk of failure)
Confirm with . or Enter, or press ? or * to list all spells.
Aiming: Ensorcelled Hibernation (safe; 11% risk of failure)
Press: ? - help, Shift-Dir - straight line, f/p - ogre
Aim: an ogre, wielding a +0 giant club (severely wounded, chance to defeat MR: 41%)
The ogre resists with some effort.
There is a stone staircase leading up here.
The ogre hits you with a +0 giant club!!
Ouch! That really hurt!
You die...

##.#.##.# ######
#.###.###.#.# #....##
##..# #####.###.O.#
##.#.#..#
####.##..##########
####.##.##.......)....
#......O...<......##
#..#...@....##.##.# #
#...#.###.##.# ##.##.#
#.##.# # #.##.# #.##.#
##.##.##.# #.##.#
.........# #.##.#
#..#.######.##.#
#....#.......#.######
###...................


You could see an ogre.

Vanquished Creatures
  3 worms (D:2)
  A dart slug (D:2)
  3 leopard geckos
  2 giant cockroaches (D:1)
  2 hobgoblins
  3 jackals (D:2)
  2 ball pythons (D:1)
  6 bats
  2 frilled lizards (D:1)
  5 goblins
  4 kobolds
  9 rats
42 creatures vanquished.

Notes
Turn   | Place    | Note
-------+----------+-------------------------------------------
     0 | D:1      | Gynju the Spriggan Enchanter began the quest for the Orb.
     0 | D:1      | Reached XP level 1. HP: 9/9 MP: 5/5
   801 | D:1      | Reached XP level 2. HP: 13/13 MP: 4/6
   821 | D:1      | Learned a level 2 spell: Ensorcelled Hibernation
  1022 | D:1      | Reached skill level 5 in Stealth
  1790 | D:2      | Reached XP level 3. HP: 4/16 MP: 3/8
  1795 | D:2      | Learned a level 3 spell: Tukima's Dance
  2489 | D:2      | Noticed an ogre
  2603 | D:2      | Demolished by an ogre

Levels and vault maps discovered:
D:1:      sevenhm_arrival_forest_fort_large_4, layout_loops_cross,
          glass_columns_b, minmay_shallow_snake_nest
D:2:      layout_loops_ring, minmay_tromino_v2

Skill      XL: |  1  2 |
---------------+-------+-----
Hexes          | 4 |  4.5
Stealth        | 5 |  5.6
Spellcasting   | 3 |  3.3
Short Blades   | |  1.2
Dodging        | |  3.0

Action                   || total
-------------------------++-------
Melee: Dagger            ||    84
       Short sword       ||    44
 Cast: Corona            ||    11
       Ensorcelled Hiber ||    27
 Stab: Sleeping          ||    22
Armor: Robe              ||    18
Dodge: Dodged            ||   151

Table legend:
 A = Non-vault XP
 B = Vault XP
 C = Vault XP percentage of total XP
 D = Non-vault monster count
 E = Vault monster count
 F = Vault count percentage of total count
                 A         B        C        D         E       F
            +---------+---------+-------+---------+---------+-------
      Total |      74 |       3 |   3.9 |      40 |       2 |   4.8
            +---------+---------+-------+---------+---------+-------
        D:1 |      27 |       3 |  10.0 |      20 |       2 |   9.1
        D:2 |      47 |       0 |   0.0 |      20 |       0 |   0.0
            +---------+---------+-------+---------+---------+-------
